Map: Eternal Empire LE

Players

ViBE - Winner!

  • Race: Zerg Zerg
  • League: Grandmaster
  • Spawn Location: 7:00

WookieMonsta

  • Race: Zerg Zerg
  • League: Diamond
  • Spawn Location: 1:00

VOD

Have the link to the VOD?

Description

Time

  • Played on: Aug. 28, 2020, 9:40 p.m.
  • Length: 11:24
Show
View Real Time Build Order
Export as new Build Order

ViBE Zerg - Winner!

Build Orders: Hatch First, Roach Hydra 

Get SALT Encoding   

  12  0:00  Drone  
  13  0:12  Overlord  
  13  0:19  Drone  
  14  0:31  Drone x2  
  16  0:51  Hatchery  
  16  0:56  Drone x2  
  17  1:00  Drone  
  18  1:14  Spawning Pool  
  18  1:16  Drone  
  18  1:20  Drone  
  19  1:29  Drone  
  20  1:37  Extractor  
  20  1:39  Drone  
  20  2:02  Drone x2, Queen  
  20  2:03  Queen  
  26  2:08  Overlord  
  26  2:14  Drone  
  27  2:18  Drone  
  28  2:26  Overlord  
  28  2:28  Drone  
  29  2:34  Drone  
  29  2:37  Drone  
  31  2:40  Lair  
  31  2:41  Queen  
  31  2:44  Drone  
  34  2:53  Overlord  
  34  2:59  Drone x2  
  36  3:09  Drone x2  
  36  3:12  Overlord  
  38  3:13  Drone x5  
  43  3:20  Roach Warren  
  43  3:22  Evolution Chamber  
  43  3:24  Evolution Chamber, Drone  
  41  3:29  Extractor  
  41  3:30  Extractor  
  41  3:32  Drone x2  
  41  3:33  Drone  
  42  3:44  Drone  
  42  3:45  Drone  
  42  3:46  Drone x2  
  46  3:53  Zerg Missile Weapons Level 1  
  46  3:59  Drone x2  
  46  4:00  Glial Reconstitution  
  46  4:02  Roach x2  
  52  4:05  Drone  
  53  4:18  Spore Crawler  
  53  4:20  Overlord x2  
  53  4:22  Roach x3  
  58  4:36  Overlord  
  58  4:37  Zerg Ground Armor Level 1  
  58  4:38  Drone x3  
  59  4:40  Drone  
  59  4:41  Hatchery, Drone  
  62  4:48  Roach  
  62  4:51  Drone  
  65  5:07  Drone x6  
  65  5:08  Drone x2  
  73  5:20  Drone x2  
  75  5:22  Overlord  
  75  5:35  Drone x3  
  78  5:44  Drone x2  
  78  5:45  Hydralisk Den, Drone, Extractor  
  78  5:46  Drone x2  
  81  5:52  Zerg Missile Weapons Level 2, Extractor x2  
  81  5:55  Roach x4  
  87  5:59  Spore Crawler x2  
  87  6:01  Spore Crawler  
  87  6:02  Drone  
  87  6:03  Drone  
  86  6:17  Overlord x3  
  86  6:18  Overlord x3  
  86  6:19  Grooved Spines  
  86  6:28  Overlord, Spore Crawler  
  86  6:32  Spore Crawler  
  84  6:44  Drone x3  
  84  6:45  Drone x3  
  84  6:46  Drone  
  92  6:47  Hydralisk, Drone  
  92  6:48  Hydralisk x8  
  92  6:50  Queen  
  110  6:56  Zerg Ground Armor Level 2  
  110  6:59  Hydralisk x3  
  115  7:08  Hydralisk  
  115  7:13  Drone  
  118  7:16  Drone  
  118  7:18  Hydralisk x4  
  127  7:23  Queen  
  127  7:24  Hatchery  
  124  7:33  Infestation Pit, Drone  
  116  7:45  Hydralisk x8  
  122  8:04  Drone  
  122  8:05  Drone x9  
  132  8:17  Muscular Augments  
  130  8:20  Drone x7  
  130  8:24  Spore Crawler  
  133  8:33  Overlord  
  133  8:34  Overlord x2  
  133  8:36  Hive  
  133  8:38  Overlord x2  
  133  8:43  Spore Crawler  
  132  8:55  Drone x6  
  138  9:01  Extractor  
  132  9:03  Extractor  
  132  9:04  Drone x3  
  132  9:05  Drone x3  
  132  9:09  Hydralisk x7  
  151  9:17  Hatchery  
  151  9:23  Hydralisk x4  
  154  9:35  Hydralisk x5  
  162  9:55  Hydralisk x11  
  162  9:57  Overlord  
  184  10:00  Overlord  
  184  10:06  Overlord x2  
  182  10:16  Hydralisk  
  182  10:18  Hydralisk x4  
  192  10:21  Overlord  
  192  10:22  Overlord  
  192  10:25  Hatchery  
  192  10:27  Hydralisk x3  
  192  10:28  Hydralisk  
  199  10:29  Drone  
Show
View Real Time Build Order
Export as new Build Order

WookieMonsta Zerg 

Build Orders: Hatch First 

Get SALT Encoding   

  12  0:00  Drone  
  13  0:14  Overlord  
  13  0:16  Drone  
  14  0:32  Drone x2  
  16  0:53  Drone  
  17  0:58  Hatchery  
  16  1:08  Drone x3  
  19  1:14  Extractor  
  18  1:23  Spawning Pool  
  18  1:24  Drone  
  18  1:33  Drone  
  19  1:40  Drone  
  20  1:51  Overlord  
  20  2:14  Queen x2  
  20  2:15  Drone x3  
  25  2:20  Metabolic Boost  
  25  2:21  Zergling x2  
  28  2:23  Zergling x2  
  29  2:31  Overlord  
  29  2:35  Drone  
  30  2:46  Drone x2  
  32  2:54  Drone  
  32  2:55  Drone  
  32  2:57  Lair  
  34  3:07  Zergling x4  
  36  3:20  Extractor  
  36  3:23  Drone x3  
  36  3:25  Drone x5  
  42  3:46  Drone  
  43  3:49  Extractor  
  43  3:50  Overlord x2, Extractor  
  41  4:03  Hatchery  
  41  4:04  Spire  
  41  4:05  Drone  
  41  4:06  Drone x2  
  41  4:07  Drone  
  41  4:08  Overlord x2  
  43  4:10  Drone  
  43  4:33  Drone  
  43  4:34  Drone x2  
  43  4:35  Drone  
  43  4:36  Drone  
  43  4:37  Drone x3  
  51  4:43  Zergling x6  
  54  4:46  Overlord  
  54  4:52  Extractor  
  53  5:06  Drone x3  
  55  5:17  Zergling x12  
  60  5:23  Queen  
  60  5:24  Mutalisk x6  
  74  5:34  Zergling x4  
  76  5:39  Mutalisk x2  
  76  5:40  Mutalisk, Extractor  
  76  5:42  Zergling x2  
  82  5:43  Zergling x2  
  82  5:44  Overlord  
  83  5:57  Mutalisk x2  
  83  6:02  Drone  
  83  6:03  Drone x2  
  90  6:31  Zergling x10  
  90  6:32  Zergling x6  
  98  6:33  Overlord x3  
  98  6:34  Overlord x2  
  91  6:47  Mutalisk  
  91  6:48  Mutalisk x3  
  95  7:02  Zergling x10  
  95  7:08  Overseer  
  100  7:09  Zergling x8  
  98  7:24  Mutalisk x4  
  98  7:28  Zergling x2  
  96  7:32  Zergling x8  
  96  7:37  Mutalisk  
  96  7:38  Mutalisk x2  
  96  7:42  Queen  
  100  7:45  Drone  
  100  7:46  Drone x4  
  100  7:51  Mutalisk  
  105  7:56  Zerg Flyer Weapons Level 1  
  102  8:17  Queen  
  100  8:22  Zergling x12  
  100  8:23  Zergling x12  
  112  8:27  Baneling Nest  
  112  8:28  Mutalisk x3  
  117  8:42  Overseer  
  113  9:01  Mutalisk x4  
  121  9:26  Overlord x4  
  121  9:27  Overlord x2  
  111  9:45  Zergling x20  
  115  10:03  Mutalisk  
  115  10:04  Mutalisk x6, Hatchery  
  120  10:08  Zergling x2  
  120  10:09  Zergling x4  
  123  10:16  Baneling x20  
  123  10:17  Zergling x6  
  126  10:27  Evolution Chamber  
  125  10:28  Mutalisk  
  125  10:29  Mutalisk x2  
  125  10:31  Evolution Chamber  
  125  10:32  Drone  
  100  10:52  Zergling x20  
Tags
 
Add a new tag
Caveats
  • Supply blocks, unpowered buildings, or Contaminate may cause inaccurate times.
  • Supply counts are checked every 10 seconds.